 Dungeon Crawl Stone Soup version 0.31.0-12-g77e489cdc1 (webtiles) character file.

Game seed: 16530869653264158824

374 Gadfly the Insei (level 6, -6/47 HPs)
             Began as a Demonspawn Monk on Feb 13, 2024.
             Was an Initiate of Ru.
             Killed from afar by a white imp (8 damage)
             ... with a puff of frost
             ... on level 4 of the Dungeon.
             The game lasted 00:06:19 (3393 turns).

Gadfly the Insei (Demonspawn Monk)                  Turns: 3393, Time: 00:06:19

Health: -6/47      AC:  4    Str: 13 (14) XL:     6   Next: 43%
Magic:  6/6        EV:  2    Int:  9 (10) God:    Ru [......]
Gold:   478        SH:  0    Dex: -8 (15) Spells: 5/5 levels left

rFire   . . .        b - +2 dagger (speed)
rCold   . . .        c - orb {light}
rNeg    . . .        a - +0 robe
rPois   .            (helmet currently unavailable)
rElec   .            (cloak currently unavailable)
rCorr   +            (gloves currently unavailable)
SInv    .            (boots currently unavailable)
Will    .....        m - amulet of reflection Stlth
                     l - ring of resist corrosion
HPRegen 0.27/turn    (no ring)
MPRegen 0.10/turn

%: reflection
@: beast-form, slowed, lost dexterity, glowing, very slow
A: beast (slay +1), horns 2, icy blue scales 1, no stealth, condensation shield
a: Begin Untransformation, Renounce Religion


You were on level 4 of the Dungeon.
You worshipped Ru.
Ru was noncommittal.
You were a hulking beast.
You visited 2 branches of the dungeon, and saw 5 of its levels.
You also visited: Ossuary.

You collected 478 gold pieces.

Inventory:

Hand Weapons
 b - a +2 dagger of speed (weapon)
Armour
 a - a +0 robe (worn)
 c - an orb of light (worn)
Jewellery
 i - an amulet of faith
 l - a ring of resist corrosion (left hand)
 m - an amulet of reflection (around neck)
Talismans
 k - a beast talisman (active)
Wands
 p - a wand of digging (5)
Scrolls
 e - a scroll of enchant armour {unknown}
 g - 4 scrolls of vulnerability
 s - a scroll of brand weapon
 v - 2 scrolls of poison
 w - 2 scrolls of teleportation
Potions
 d - 2 potions of haste
 f - 2 potions of curing
 h - 4 potions of mutation
 j - a potion of heal wounds
 n - a potion of might
 o - a potion of ambrosia
 q - 2 potions of cancellation


   Skills:
 + Level 3.1 Fighting
 + Level 3.6 Dodging
 + Level 4.1 Unarmed Combat
 + Level 3.1 Evocations
 * Level 2.6 Shapeshifting


You had 5 spell levels left.
You didn't know any spells.
Your spell library contained the following spells:

 Spells                   Type           Power      Damage    Failure   Level
 Gell's Gravitas          Tloc           0%         N/A       77%         3
 Teleport Other           Tloc           0%         N/A       77%         3
 Dispersal                Tloc           0%         N/A       100%        6


Dungeon Overview and Level Annotations

Branches:
Dungeon (4/15)             Temple (1/1) D:4         Ossuary (visited)

Altars:
Ashenzari
Dithmenos
Fedhas
Gozag
Makhleb
Okawaru
Qazlal
Ru
Sif Muna
Trog
Uskayaw
Vehumet
Wu Jian
Xom
Yredelemnul

Shops:
D:3 ?


Innate Abilities, Weirdness & Mutations

You are a hulking beast.
Your limbs bulge with bestial killing power. (Slay +1)
You have a pair of horns on your head.
You are partially covered in icy blue scales. (AC +2)
You cannot be stealthy.
A meltable shield of frost defends you. (SH +4)


Message History

You are too injured to fight recklessly!
You are too injured to fight recklessly!
You are too injured to fight recklessly!
You hit the shadow imp but do no damage.
The shadow imp is lightly wounded.
The shadow imp hits you but does no damage.
You hit the shadow imp.
The shadow imp is heavily wounded.
The shadow imp hits you.
You barely miss the shadow imp.
The shadow imp is heavily wounded.
The shadow imp barely misses you.
You hit the shadow imp.
The shadow imp is heavily wounded.
The shadow imp hits you.
You completely miss the shadow imp.
The shadow imp is heavily wounded.
The shadow imp grinds its teeth.
The shadow imp hits you but does no damage.
You hit the shadow imp. Your headbutt misses the shadow imp.
The shadow imp is severely wounded.
The shadow imp gestures at you.
You barely resist. You hit the shadow imp.
You kill the shadow imp!
You feel your strength returning.
A white imp comes into view.
The white imp shouts, "Fly, thou droning hedge-born bloater!"
A kobold comes into view. It is wielding a +0 whip.
There are monsters nearby!
There are monsters nearby!
The white imp gestures at you. The puff of frost hits you!
* * * LOW HITPOINT WARNING * * *
The white imp gestures at you. The puff of frost hits you!
* * * LOW HITPOINT WARNING * * *
The white imp gestures at you. The puff of frost hits you!
You die...

#..........+..##...#.
#..........#.........
#..........#...##....
+..........#...##....
#..........#.........
##
#......###########...
...##+####......#
#...
................#
####
.............h..#
................#
................#
#+#.............#
#.............# ####
########......# #...
#.....'.5....# #...
#.....#......# #...
#.....#......# ...


You could see a white imp.

Vanquished Creatures
  3 quasits (D:4)
  Terence (D:3)
  8 mummies (Ossuary)
  3 adders
  4 shadow imps (D:4)
  A white imp (D:4)
  4 dart slugs
  2 orcs
  11 bats
  8 endoplasms
  3 giant cockroaches
  A gnoll zombie (Ossuary)
  6 hobgoblins
  2 jackals (D:2)
  3 quokkas (D:1)
  6 ball pythons
  5 frilled lizards
  8 goblins
  2 hobgoblin zombies (Ossuary)
  5 kobolds
  3 kobold zombies (Ossuary)
  2 orc zombies (Ossuary)
  8 rats
99 creatures vanquished.

Notes
Turn   | Place    | Note
-------+----------+-------------------------------------------
     0 | D:1      | Gadfly the Demonspawn Monk began the quest for the Orb.
     0 | D:1      | Reached XP level 1. HP: 18/18 MP: 1/1
    88 | D:1      | Gained mutation: You are partially covered in icy blue
                  | scales. (AC +2) [demonic ancestry]
    88 | D:1      | Reached XP level 2. HP: 20/24 MP: 2/2
   211 | D:1      | Reached skill level 3 in Unarmed Combat
   343 | D:1      | Reached skill level 1 in Evocations
   358 | D:1      | Gained mutation: A meltable shield of frost defends you.
                  | (SH +4) [demonic ancestry]
   358 | D:1      | Reached XP level 3. HP: 22/29 MP: 3/3
   456 | D:1      | Reached skill level 1 in Shapeshifting
   557 | D:1      | Found a faded altar of an unknown god.
   995 | D:2      | Found a shadowy altar of Dithmenos.
  1469 | D:3      | Found Foapixes's Magic Scroll Boutique.
  1780 | D:3      | Noticed Terence
  1792 | D:3      | Killed Terence
  1793 | D:3      | Reached XP level 4. HP: 23/35 MP: 4/4
  2245 | D:4      | Found a sand-covered staircase.
  2251 | Ossuary  | Entered an ossuary
  2308 | Ossuary  | Gained mutation: You have a pair of small horns on your
                  | head. [demonic ancestry]
  2308 | Ossuary  | Reached XP level 5. HP: 16/41 MP: 5/5
  2960 | D:4      | Found a staircase to the Ecumenical Temple.
  2967 | Temple   | Entered the Ecumenical Temple
  2972 | Temple   | Became a worshipper of Ru the Awakened
  2988 | Temple   | Gained mutation: You cannot be stealthy. [Ru sacrifice]
  3033 | D:4      | Reached skill level 4 in Unarmed Combat
  3033 | D:4      | Gained mutation: You have a pair of horns on your head.
                  | [demonic ancestry]
  3033 | D:4      | Reached XP level 6. HP: 19/47 MP: 6/6
  3231 | D:4      | Lost dexterity.
  3256 | D:4      | HP: 1/47 [shadow imp (5)]
  3392 | D:4      | HP: 2/47 [white imp/puff of frost (9)]
  3393 | D:4      | Killed from afar by a white imp

Illustrated notes

Levels and vault maps discovered:
D:1:      elethiomel_arrival_infinity_welcomes_careful_drivers,
          layout_loops_ring, ebering_ecumenical_altar_box
D:2:      layout_loops_ring, basic_altar, serial_bayou_pond_e
D:3:      layout_basic, serial_shops, shop, uniq_terence
D:4:      layout_gridville, minmay_temple_entry_mini_moons, serial_demonic,
          serial_demonic_a, serial_demonic_a, serial_demonic_b,
          serial_demonic_f, serial_demonic_d, nicolae_ossuary_entry_plus,
          amcnicky_mini_corridor_feature, uniq_robin, uniq_crazy_yiuf_cottage
Temple:   regret_index_temple_chain_breaker

Skill      XL: |  1  2  3  4  5  6 |
---------------+-------------------+-----
Unarmed Combat | 3 4 |  4.1
Evocations     | 1 2 3 |  3.1
Dodging        | 3 |  3.6
Shapeshifting  | 1 2 |  2.6
Fighting       | |  3.1

Action                     |  1- 3 |  4- 6 || total
---------------------------+-------+-------++-------
  Melee: Unarmed           |   169 |    20 ||   189
         Dagger            |       |   185 ||   185
         Headbutt          |       |    20 ||    20
 Invoke: Sacrifice Stealth |       |     1 ||     1
    Use: Scroll            |     7 |     5 ||    12
         Potion            |     1 |     7 ||     8
   Stab: Sleeping          |       |     1 ||     1
 Armour: Robe              |    62 |   232 ||   294
  Dodge: Dodged            |   110 |   180 ||   290
   Form: Beast             |     1 |     1 ||     2
                           |       |     1 ||     1
